 Dungeon Sprint DCSS version 0.27-a0-899-ge2d0b17c59 (webtiles) character file.

Game seed: 3268066541948273051

10600000 scammafunk the Intangible (level 27, -28/194 (228) HPs)
             Began as a Djinni Warper on Apr 5, 2021.
             Was the Champion of Makhleb.
             Killed from afar by a wretched soul (107 damage)
             ... with a bolt of negative energy
             ... in the Dungeon (Sprint VIII: "Arena of Blood").
             The game lasted 00:13:13 (106 turns).

scammafunk the Intangible (Djinni Warper)            Turns: 106, Time: 00:13:13

HP:   -28/194 (228) AC:  6    Str: 18    XL:     27
Gold: 0             EV: 27    Int: 18    God:    Makhleb [******] SH:  0 Dex: 15

rFire    + + .     SeeInvis .   b - +∞ Axe of Woe
rCold    x . .     Faith    .   (shield currently unavailable)
rNeg     . . .     Spirit   .   a - +0 leather armour
rPois    ∞         Reflect  .   (no helmet)
rElec    .         Harm     .   (no cloak)
rCorr    .         Rampage  .   (no gloves)
Will     ++...     NoTele   +   (boots unavailable)
Stlth    +++++++++.             (no amulet)
HPRegen  0.42/turn              (no ring)
MPRegen  0.00/turn              (no ring)

@: death channeling (expiring), flying, slowed, heavily drained, very slow
A: fire resistance 2, cold vulnerability 1, float, innate caster, hp casting,
extra vitality 1
a: Renounce Religion, Minor Destruction, Lesser Servant of Makhleb, Major
Destruction, Greater Servant of Makhleb


You were in the Dungeon.
You worshipped Makhleb.
Makhleb was exalted by your worship.
You visited 1 branch

Inventory:

Hand Weapons
 b - the +∞ Axe of Woe (weapon)
   (You found it in the Dungeon)
Missiles
 d - 5 boomerangs of dispersal
Armour
 a - a +0 leather armour (worn)
Scrolls
 c - 2 scrolls of blinking
Potions
 e - a potion of curing
 f - a potion of heal wounds
 g - a potion of haste
 h - a potion of berserk rage


   Skills:
 O Level 27 Fighting
 O Level 27 Short Blades
 O Level 27 Long Blades
 O Level 27 Axes
 O Level 27 Maces & Flails
 O Level 27 Polearms
 O Level 27 Staves
 O Level 27 Slings
 O Level 27 Bows
 O Level 27 Crossbows
 O Level 27 Throwing
 O Level 27 Armour
 O Level 27 Dodging
 O Level 27 Stealth
 O Level 27 Shields
 O Level 27 Unarmed Combat
 O Level 27 Spellcasting
 O Level 27 Invocations
 O Level 27 Evocations


You couldn't memorise any spells.
You knew the following spells:

 Your Spells              Type           Power      Damage    Failure   Level
a - Blink                 Tloc           N/A        N/A       0%          2
b - Lesser Beckoning      Tloc           44%        N/A       0%          3
c - Gell's Gravitas       Tloc           44%        N/A       0%          3
d - Teleport Other        Tloc           88%        N/A       0%          3
e - Manifold Assault      Tloc           88%        N/A       0%          5
f - Foxfire               Conj/Fire      100%       2x1d9     0%          1
g - Poisonous Vapours     Pois/Air       100%       N/A       0%          2
h - Conjure Flame         Conj/Fire      88%        6-21      0%          3
i - Mephitic Cloud        Conj/Pois/Air  88%        N/A       0%          3
j - Cause Fear            Hex            44%        N/A       0%          4
k - Yara's Violent Unrav  Hex/Tmut       44%        3d17      0%          5
l - Starburst             Conj/Fire      44%        8x6d12    0%          6
m - Death Channel         Necr           44%        N/A       0%          6
n - Freezing Cloud        Conj/Ice/Air   44%        6-21      0%          6
o - Spellforged Servitor  Conj/Summ      44%        N/A       1%          7
p - Borgnjor's Revivific  Necr           44%        N/A       1%          8
q - Chain Lightning       Conj/Air       44%        N/A       1%          8
r - Fire Storm            Conj/Fire      44%        8d11      2%          9
Your spell library was empty.

Dungeon Overview and Level Annotations

Branches:
Dungeon (1/1)

Altars:
Makhleb


Innate Abilities, Weirdness & Mutations

You are immune to poison.
Your flesh is very heat resistant. (rF++)
You are vulnerable to cold. (rC-)
You float through the air rather than walking.
You learn spells naturally, not from books.
Your magical power is your life essence.
You have superior vitality. (+4 HP)


Message History

Unknown command.
Unknown command.
Unknown command.
Unknown command.
Unknown command.
Unknown command.
Unknown command.
Unknown command.
Unknown command.
Unknown command.
Unknown command.
Unknown command.
Unknown command.
You hit the large abomination but do no damage.
You fatally mangle the large abomination.
You destroy the large abomination!
Your unholy channel is weakening.
The meat beast is engulfed in blazing flames.
The meat beast bites your spectral bag of meat!
The meat beast tramples your spectral bag of meat!
Your spectral bag of meat is shoved backwards!
A meat beast comes into view.
Your spectral bag of meat is smitten.
The meat beast barely misses your spectral bag of meat.
The meat beast tramples your spectral bag of meat!
Your spectral bag of meat holds its ground!
Your spectral nine-headed meat hydra is smitten.
Your spectral nine-headed meat hydra is destroyed!
The bag of meat hits your spectral bag of meat with a +9 war axe.
The tentacled monstrosity is engulfed in blazing flames. x2
The tentacled monstrosity tentacle-slaps your spectral bag of meat!
The tentacled monstrosity tentacle-slaps your spectral bag of meat.
The tentacled monstrosity tentacle-slaps your spectral bag of meat!
A bolt of negative energy appears from out of thin air!
The bolt of negative energy hits your spectral bag of meat.
Your spectral bag of meat completely resists.
The bolt of negative energy hits you!!!!
You feel drained.
Ouch! That really hurt!
You die... ))§.. .). #)○o .)# . #))§ ML# .
D)###.)° XX###).
DX))D)###XoX†X{ §Xoo){Xo.oWo. #ooZLZ# #ZZ@ZZ# #)ZZZ2# .XXo{XZ_{oL)M2.

)XLo§§###)MoM))
.)###))°
M)###Oo . #))§
{.# . #)☼. §§#
))... ☼2) ). ..


You could see 5 accurseds, 4 tentacled monstrosities, 2 meat beasts, 4 tyrants,
2 eight-headed meat hydras, a large bag of meat (inner flame), 7 large
abominations, a dread (ally target), 12 bags of meat, 5 friendly spectral bags
of meat, 3 friendly spectral meat berserkers and 2 friendly spectral large bags
of meat.

Vanquished Creatures
  Sigmund (D)
  12 hell beasts (D)
  4 royal mummies (D)
  A great orb of eyes (D)
  4 wraiths (D)
  Harold (D)
  22 vampire knights (D)
  55 ogres (D)
  12 two-headed ogres (D)
  13 liches (D)
  2 hydras (D)
  103 orcs (D)
  11 skeletal warriors (D)
241 creatures vanquished.

Vanquished Creatures (collateral kills)
  An ogre (D)
  An orc (D)
2 creatures vanquished.

Vanquished Creatures (others)
  3 two-headed ogres (D)
  3 orcs (D)
6 creatures vanquished.

Grand Total: 249 creatures vanquished

Notes
Turn   | Place    | Note
-------+----------+-------------------------------------------
     0 | D        | Found the +∞ Axe of Woe
     0 | D        | scammafunk the Djinni Warper began the quest for the Orb.
     0 | D        | Reached XP level 1. HP: 18/18 MP: 0/0
     1 | D        | Noticed a bag of meat
     2 | D        | Noticed a bag of meat
     4 | D        | Became a worshipper of Makhleb the Destroyer
     5 | D        | Noticed a bag of meat
     6 | D        | Killed a bag of meat
     6 | D        | Noticed a bag of meat
     6 | D        | Noticed a meat berserker
     7 | D        | Reached skill level 15 in Dodging
     7 | D        | Reached XP level 2. HP: 42/42 MP: 0/0
     7 | D        | Reached XP level 3. HP: 48/48 MP: 0/0
     7 | D        | Learned a level 1 spell: Foxfire
     7 | D        | Reached XP level 4. HP: 54/54 MP: 0/0
     7 | D        | Reached XP level 5. HP: 59/59 MP: 0/0
     7 | D        | Learned a level 2 spell: Poisonous Vapours
     7 | D        | Reached XP level 6. HP: 66/66 MP: 0/0
     7 | D        | Reached XP level 7. HP: 71/71 MP: 0/0
     7 | D        | Learned a level 3 spell: Conjure Flame
     7 | D        | Reached XP level 8. HP: 77/77 MP: 0/0
     7 | D        | Reached XP level 9. HP: 83/83 MP: 0/0
     7 | D        | Learned a level 3 spell: Mephitic Cloud
     7 | D        | Reached XP level 10. HP: 89/89 MP: 0/0
     7 | D        | Reached XP level 11. HP: 94/94 MP: 0/0
     7 | D        | Learned a level 4 spell: Cause Fear
     7 | D        | Reached XP level 12. HP: 101/101 MP: 0/0
     7 | D        | Killed a meat berserker
     7 | D        | Reached * piety under Makhleb
     7 | D        | Killed a bag of meat
     7 | D        | Noticed a bag of meat
     8 | D        | Reached XP level 13. HP: 116/116 MP: 0/0
     8 | D        | Learned a level 5 spell: Yara's Violent Unravelling
     8 | D        | Reached XP level 14. HP: 123/123 MP: 0/0
     8 | D        | Killed a bag of meat
     8 | D        | Killed a bag of meat
     8 | D        | Reached ** piety under Makhleb
     8 | D        | Noticed a bag of meat
     9 | D        | Reached XP level 15. HP: 128/133 MP: 0/0
     9 | D        | Learned a level 6 spell: Starburst
    10 | D        | Reached XP level 16. HP: 133/143 MP: 0/0
    10 | D        | Noticed a meat berserker
    11 | D        | Noticed a meat berserker
    11 | D        | Reached *** piety under Makhleb
    11 | D        | Killed a meat berserker
    11 | D        | Noticed a meat berserker
    11 | D        | Noticed a meat berserker
    12 | D        | Reached skill level 27 in Dodging
    12 | D        | Reached XP level 17. HP: 157/157 MP: 0/0
    12 | D        | Learned a level 6 spell: Death Channel
    12 | D        | Reached **** piety under Makhleb
    12 | D        | Killed a meat berserker
    12 | D        | Killed a meat berserker
    13 | D        | Reached skill level 27 in Fighting
    13 | D        | Reached XP level 18. HP: 167/167 MP: 0/0
    13 | D        | Reached XP level 19. HP: 174/174 MP: 0/0
    13 | D        | Learned a level 6 spell: Freezing Cloud
    13 | D        | Killed a meat berserker
    13 | D        | Reached ***** piety under Makhleb
    14 | D        | Reached skill level 27 in Axes
    14 | D        | Reached skill level 27 in Spellcasting
    14 | D        | Reached skill level 10 in Stealth
    14 | D        | Noticed a meat berserker
    15 | D        | Killed a meat berserker
    16 | D        | Reached skill level 15 in Stealth
    16 | D        | Reached XP level 20. HP: 176/181 MP: 0/0
    17 | D        | Noticed a meat berserker
    17 | D        | Noticed a meat berserker
    18 | D        | Killed a meat berserker
    18 | D        | Killed a meat berserker
    18 | D        | Reached ****** piety under Makhleb
    19 | D        | Reached XP level 21. HP: 187/187 MP: 0/0
    19 | D        | Learned a level 7 spell: Spellforged Servitor
    22 | D        | Reached XP level 22. HP: 194/194 MP: 0/0
    22 | D        | Noticed a large bag of meat
    22 | D        | Killed a large bag of meat
    23 | D        | Noticed a large bag of meat
    24 | D        | Killed a large bag of meat
    25 | D        | Reached skill level 27 in Armour
    25 | D        | Reached skill level 27 in Stealth
    25 | D        | Reached skill level 27 in Invocations
    25 | D        | Reached skill level 27 in Evocations
    25 | D        | Reached skill level 5 in Maces & Flails
    25 | D        | Reached skill level 5 in Polearms
    25 | D        | Reached skill level 5 in Slings
    25 | D        | Reached skill level 5 in Throwing
    25 | D        | Reached XP level 23. HP: 201/201 MP: 0/0
    25 | D        | Learned a level 8 spell: Borgnjor's Revivification
    28 | D        | Reached XP level 24. HP: 208/208 MP: 0/0
    29 | D        | Noticed a destroyer
    30 | D        | Noticed a destroyer
    30 | D        | Killed a destroyer
    31 | D        | Reached XP level 25. HP: 214/214 MP: 0/0
    31 | D        | Learned a level 8 spell: Chain Lightning
    31 | D        | Killed a destroyer
    32 | D        | Reached XP level 26. HP: 221/221 MP: 0/0
    32 | D        | Noticed a destroyer
    32 | D        | Killed a destroyer
    33 | D        | Reached skill level 27 in Unarmed Combat
    33 | D        | Noticed a large bag of meat
    34 | D        | Reached XP level 27. HP: 223/228 MP: 0/0
    34 | D        | Learned a level 9 spell: Fire Storm
    34 | D        | Noticed a destroyer
    34 | D        | Killed a destroyer
    34 | D        | Killed a large bag of meat
    35 | D        | Reached skill level 27 in Maces & Flails
    35 | D        | Reached skill level 27 in Polearms
    35 | D        | Reached skill level 27 in Slings
    35 | D        | Reached skill level 27 in Throwing
    35 | D        | Reached skill level 27 in Staves
    36 | D        | Noticed a destroyer
    37 | D        | Killed a destroyer
    38 | D        | Reached skill level 15 in Short Blades
    38 | D        | Reached skill level 15 in Long Blades
    40 | D        | Noticed a large bag of meat
    41 | D        | Reached skill level 27 in Shields
    41 | D        | Killed a large bag of meat
    41 | D        | Noticed a destroyer
    42 | D        | Reached skill level 27 in Short Blades
    42 | D        | Reached skill level 27 in Long Blades
    42 | D        | Reached skill level 27 in Bows
    42 | D        | Reached skill level 27 in Crossbows
    42 | D        | Noticed a destroyer
    43 | D        | Noticed a destroyer
    43 | D        | Killed a destroyer
    43 | D        | Noticed a large bag of meat
    43 | D        | Noticed a large bag of meat
    44 | D        | Killed a large bag of meat
    44 | D        | Killed a destroyer
    44 | D        | Killed a large bag of meat
    45 | D        | Noticed a tyrant
    45 | D        | Killed a tyrant
    46 | D        | Noticed a large bag of meat
    47 | D        | Noticed a destroyer
    48 | D        | Killed a large bag of meat
    48 | D        | Killed a destroyer
    48 | D        | Noticed a destroyer
    50 | D        | Noticed a large bag of meat
    50 | D        | Noticed a tyrant
    52 | D        | Noticed a destroyer
    52 | D        | Noticed a large bag of meat
    53 | D        | Noticed a destroyer
    53 | D        | Killed a destroyer
    53 | D        | Killed a destroyer
    53 | D        | Noticed a destroyer
    54 | D        | Noticed a destroyer
    54 | D        | Killed a destroyer
    54 | D        | Killed a large bag of meat
    54 | D        | Noticed a destroyer
    55 | D        | Killed a destroyer
    55 | D        | Killed a destroyer
    56 | D        | Killed a destroyer
    56 | D        | Killed a tyrant
    56 | D        | Noticed a destroyer
    56 | D        | Noticed a tyrant
    57 | D        | Noticed a destroyer
    57 | D        | Noticed a tyrant
    57 | D        | Noticed The Servant
    58 | D        | Noticed a destroyer
    58 | D        | Killed a destroyer
    58 | D        | Noticed a destroyer
    58 | D        | Noticed a large bag of meat
    59 | D        | Killed a large bag of meat
    59 | D        | Killed a tyrant
    59 | D        | Killed a destroyer
    60 | D        | Killed a tyrant
    60 | D        | Killed a destroyer
    61 | D        | Killed a destroyer
    61 | D        | Noticed a tyrant
    61 | D        | Noticed an accursed
    61 | D        | Noticed an accursed
    62 | D        | Killed a tyrant
    62 | D        | Killed an accursed
    63 | D        | Noticed a large bag of meat
    64 | D        | Killed an accursed
    64 | D        | Noticed a meat beast
    65 | D        | Killed a large bag of meat
    66 | D        | Noticed a large bag of meat
    66 | D        | Killed a destroyer
    67 | D        | Killed a meat beast
    67 | D        | Noticed a dread
    68 | D        | Noticed a dread
    68 | D        | Noticed a tyrant
    69 | D        | Killed a dread
    70 | D        | Noticed a tyrant
    70 | D        | Noticed a meat beast
    71 | D        | Noticed a dread
    71 | D        | Killed a dread
    71 | D        | Noticed a meat beast
    71 | D        | Noticed a tyrant
    72 | D        | Noticed a large bag of meat
    72 | D        | Noticed a tyrant
    73 | D        | Noticed a meat beast
    74 | D        | Noticed a meat beast
    74 | D        | Killed a tyrant
    74 | D        | Killed a large bag of meat
    75 | D        | Killed a tyrant
    75 | D        | Noticed a meat beast
    75 | D        | Noticed a dread
    75 | D        | Noticed a tyrant
    76 | D        | Killed a meat beast
    76 | D        | Noticed a tyrant
    77 | D        | Killed a meat beast
    77 | D        | Noticed a tyrant
    78 | D        | Noticed The Captor
    78 | D        | Noticed a destroyer
    78 | D        | Killed a meat beast
    79 | D        | Killed a tyrant
    79 | D        | Noticed a meat beast
    80 | D        | Killed a meat beast
    80 | D        | Noticed a meat beast
    81 | D        | Killed The Servant
    81 | D        | Killed a tyrant
    81 | D        | Noticed an accursed
    82 | D        | Killed a tyrant
    82 | D        | Killed a meat beast
    82 | D        | Noticed a destroyer
    83 | D        | Noticed a large bag of meat
    83 | D        | Killed an accursed
    83 | D        | Killed a destroyer
    84 | D        | Killed a meat beast
    84 | D        | Noticed a meat beast
    84 | D        | Noticed a meat beast
    84 | D        | Noticed an accursed
    85 | D        | Killed a destroyer
    85 | D        | Noticed a tyrant
    86 | D        | Killed a large bag of meat
    87 | D        | Killed The Captor
    88 | D        | Killed a meat beast
    88 | D        | Killed a meat beast
    88 | D        | Noticed a meat beast
    89 | D        | Killed a dread
    90 | D        | Killed a dread
    90 | D        | Noticed a meat beast
    90 | D        | Noticed a tyrant
    91 | D        | Noticed a tyrant
    92 | D        | Noticed a meat beast
    92 | D        | Killed a meat beast
    93 | D        | Noticed an accursed
    94 | D        | Noticed a destroyer
    94 | D        | Noticed a dread
    96 | D        | Killed a destroyer
    96 | D        | Noticed a tyrant
    98 | D        | Noticed an accursed
    99 | D        | Noticed an accursed
    99 | D        | Noticed a meat beast
   100 | D        | Killed a meat beast
   101 | D        | Killed a tyrant
   102 | D        | Killed a meat beast
   102 | D        | Killed a large bag of meat
   102 | D        | Killed a large bag of meat
   103 | D        | Killed an accursed
   103 | D        | Killed a tyrant
   103 | D        | Noticed an accursed
   103 | D        | Killed a large bag of meat
   103 | D        | Noticed a tyrant
   105 | D        | Killed a tyrant
   105 | D        | Noticed an accursed
   106 | D        | Noticed a large bag of meat
   106 | D        | Noticed a meat beast
   106 | D        | Killed from afar by a wretched soul

Illustrated notes

Levels and vault maps discovered:
D:        meatsprint

Skill      XL: |  1  2  3  4  5  6  7  8  9 10 11 12 13 14 15 16 17 18 19 20 21 22 23 24 25 26 27 |
---------------+----------------------------------------------------------------------------------+-----
Fighting       | 14 19 21 22 25 27 | 27.0
Axes           | 12 16 18 19 22 26 27 | 27.0
Dodging        | 15 20 22 24 27 | 27.0
Spellcasting   | 12 16 18 19 22 26 27 | 27.0
Armour         | 16 23 24 27 | 27.0
Stealth        | 15 21 22 27 | 27.0
Invocations    | 16 23 24 27 | 27.0
Evocations     | 16 23 24 27 | 27.0
Maces & Flails | 5 14 19 23 26 27 | 27.0
Polearms       | 5 14 19 23 26 27 | 27.0
Slings         | 5 14 19 23 26 27 | 27.0
Throwing       | 5 14 19 23 26 27 | 27.0
Unarmed Combat | 7 16 22 26 27 | 27.0
Staves         | 27 | 27.0
Short Blades   | 27 | 27.0
Long Blades    | 27 | 27.0
Bows           | 27 | 27.0
Crossbows      | 27 | 27.0
Shields        | 27 | 27.0

Action                   |  1- 3 |  4- 6 |  7- 9 | 10-12 | 13-15 | 16-18 | 19-21 | 22-24 | 25-27 || total
-------------------------+-------+-------+-------+-------+-------+-------+-------+-------+-------++-------
Melee: Executioner's axe |     1 |       |       |     1 |     4 |     6 |    11 |    13 |   193 ||   229
 Cast: Manifold Assault  |       |       |       |       |     2 |     2 |     6 |     7 |    45 ||    62
       Death Channel     |       |       |       |       |       |       |       |     1 |       ||     1
 Stab: Distracted        |       |       |       |       |       |       |       |       |     1 ||     1
Armor: Leather armour    |       |       |       |       |       |       |       |       |     1 ||     1
Dodge: Dodged            |       |       |       |       |       |       |       |       |     3 ||     3

Table legend: (Time is in decaauts)
 A = Elapsed time spent in this place.
 B = Non-inter-level travel time spent in this place.
 C = Inter-level travel time spent in this place.
 D = Time resting spent in this place.
 E = Time spent auto-exploring this place.
 F = Levels seen in this place.
 G = Mean time per level.
                   A        B        C        D        E       F      G
               +--------+--------+--------+--------+--------+-----+--------+
         Total |     81 |     81 |      0 |      0 |      0 |   1 |   81.0 |
       Dungeon |     81 |     81 |      0 |      0 |      0 |   1 |   81.0 |
               +--------+--------+--------+--------+--------+-----+--------+

Top non-repeatable levels by time:
       D: 81 daAuts
